 Dungeon Sprint DCSS version 0.31-a0-1412-g7b7c7d10e1 (webtiles) character file.

Game seed: 16733489317112784660

2989 Morrissey the Martial Artist (level 9, 0/77 HPs)
             Began as a Demonspawn Shapeshifter on Dec 26, 2023.
             Was an Elder of Makhleb.
             Slain by an eight-headed hydra (3 damage)
             ... in the Dungeon (Sprint IX: "|||||||||||||||||||||||||||||").
             The game lasted 00:04:17 (498 turns).

Morrissey the Martial Artist (DsSh)                  Turns: 498, Time: 00:04:17

Health: 0/77       AC: 13    Str: 14    XL:     9   Next: 53%
Magic:  16/16      EV: 18    Int: 11    God:    Makhleb [****..]
Gold:   0          SH:  0    Dex: 20    Spells: 8/8 levels left

rFire   . .          .
                       - Unarmed
rCold   . . .        (no shield)
rNeg    . . .        a - +0 animal skin
rPois   .            (helmet currently unavailable)
rElec   .            (cloak currently unavailable)
rCorr   .            (gloves currently unavailable)
SInv    .            (boots currently unavailable)
Will    .....        (no amulet)
Stlth   ++           n - +3 ring of dexterity
HPRegen 0.32/turn    o - +2 ring of protection
MPRegen 0.15/turn

%: no teleportation
@: beast-form, sanguine armoured
A: beast (slay +4), powered by pain 2, sanguine armour 2, demonic touch 2
a: Begin Untransformation, Renounce Religion, Minor Destruction, Lesser Servant
of Makhleb, Major Destruction


You were in the Dungeon.
You worshipped Makhleb.
Makhleb was greatly pleased with you.
You were a hulking beast.
You visited 1 branch

Inventory:

Armour
 a - a +0 animal skin (worn)
 m - a +0 cloak
Jewellery
 n - a +3 ring of dexterity (left hand)
 o - a +2 ring of protection (right hand)
Talismans
 c - a beast talisman
 d - a flux talisman
Wands
 l - a wand of light (9)
Scrolls
 j - 2 scrolls of blinking
 k - 2 scrolls of amnesia
 p - 3 scrolls of identify
 q - a scroll of fear
 r - 2 scrolls of enchant weapon
Potions
 b - a potion of lignification
 e - 5 potions of curing
 f - 5 potions of heal wounds
 g - 2 potions of might
 h - 4 potions of magic
 i - 2 potions of brilliance


   Skills:
 + Level 9.5 Fighting
 + Level 8.8 Dodging
 * Level 11.9 Unarmed Combat
 + Level 10.0 Invocations
 - Level 9.3 Shapeshifting


You had 8 spell levels left.
You didn't know any spells.
Your spell library was empty.

Dungeon Overview and Level Annotations

Branches:
Dungeon (1/1)

Altars:
Cheibriados
Dithmenos
Fedhas
Gozag
Hepliaklqana
Kikubaaqudgha
Makhleb
Nemelex Xobeh
Okawaru
Qazlal
Ru
Sif Muna
Trog
Uskayaw
Vehumet
Wu Jian
Xom
Yredelemnul
Jiyva
Lugonu


Innate Abilities, Weirdness & Mutations

You are a hulking beast.
Your limbs bulge with bestial killing power. (Slay +4)
You sometimes gain power by taking damage.
When seriously injured, your blood forms thick armour. (AC +9)
Your touch may inflict irresistible damage on your foes.


Message History

The polar bear is almost dead.
The polar bear goes berserk!
You hit the polar bear but do no damage.
You touch the polar bear.
You kill the polar bear!
Makhleb accepts your kill.
You feel better.
The boulder beetle curls into a ball and begins rolling!
Your Invocations skill increases to level 10!
You punch the cane toad!
You touch the cane toad.
The cane toad is moderately wounded.
The cane toad closely misses you.
You barely miss the cane toad.
You touch the cane toad!
The cane toad is severely wounded.
You punch the eight-headed hydra!
You touch the eight-headed hydra!
The eight-headed hydra is moderately wounded.
You punch the eight-headed hydra! You punch the eight-headed hydra.
The eight-headed hydra is heavily wounded.
The eight-headed hydra closely misses you.
The eight-headed hydra bites you!
* * * LOW HITPOINT WARNING * * *
The eight-headed hydra misses you. The eight-headed hydra bites you.
* * * LOW HITPOINT WARNING * * *
The eight-headed hydra barely misses you.
The eight-headed hydra closely misses you.
The eight-headed hydra bites you but does no damage.
The eight-headed hydra bites you!
* * * LOW HITPOINT WARNING * * *
You pummel the eight-headed hydra!!
The eight-headed hydra is almost dead.
The boulder beetle misses your neqoxec.
The boulder beetle stops rolling and uncurls.
The eight-headed hydra bites you.
* * * LOW HITPOINT WARNING * * *
The eight-headed hydra bites you!
* * * LOW HITPOINT WARNING * * *
The eight-headed hydra barely misses you.
The eight-headed hydra closely misses you.
The eight-headed hydra bites you.
You die...

▓▓▓▓▓▓▓▓▓▓▓▓▓▓▓▓▓▓▓▓▓▓▓▓
....FFDh3B°°°|[.....'...
▓▓▓▓▓▓▓▓▓▓▓▓▓▓▓▓▓▓▓▓▓▓▓▓▓▓▓▓▓▓▓▓▓
.................................
▓▓▓▓▓▓▓▓▓▓▓▓▓▓▓▓▓▓▓▓▓▓▓▓▓▓▓▓▓▓▓▓▓
____________________'.....'....†'
▓▓▓▓▓▓▓▓▓▓▓▓▓▓▓▓▓▓▓▓▓▓▓▓▓▓▓▓▓▓▓▓▓


You could see a boulder beetle, an eight-headed hydra, a cane toad (ally
target), a bullfrog and a friendly neqoxec (summoned).

Vanquished Creatures
  A centaur warrior (D)
  A black mamba (D)
  A rime drake (D)
  A polar bear (D)
  A hornet (D)
  A slime creature (D)
  2 wraiths (D)
  A yak (D)
  2 vampire mosquitoes (D)
  2 water moccasins (D)
  A black bear (D)
  A gnoll bouda (D)
  A jelly (D)
  An iguana (D)
  An orc wizard (D)
  2 adders (D)
  A quokka (D)
  3 bats (D)
  A rat (D)
25 creatures vanquished.

Vanquished Creatures (others)
  A centaur warrior (D)
  A skeletal warrior (D)
2 creatures vanquished.

Grand Total: 27 creatures vanquished

Notes
Turn   | Place    | Note
-------+----------+-------------------------------------------
     0 | D        | Morrissey the Demonspawn Shapeshifter began the quest for
                  | the Orb.
     0 | D        | Reached XP level 1. HP: 15/15 MP: 1/1
     9 | D        | Reached skill level 3 in Unarmed Combat
    17 | D        | Noticed a black bear
    17 | D        | Noticed an iguana
    17 | D        | Noticed a jelly
    22 | D        | Killed a jelly
    23 | D        | Gained mutation: Your touch may inflict minor irresistible
                  | damage on your foes. [demonic ancestry]
    23 | D        | Reached XP level 2. HP: 19/24 MP: 2/2
    23 | D        | Reached XP level 3. HP: 23/29 MP: 3/3
    25 | D        | Reached skill level 4 in Unarmed Combat
    31 | D        | Gained mutation: When seriously injured, your blood forms
                  | armour. (AC +9) [demonic ancestry]
    31 | D        | Reached XP level 4. HP: 29/37 MP: 4/4
    35 | D        | Killed a black bear
    36 | D        | Reached skill level 5 in Fighting
    36 | D        | Reached skill level 6 in Unarmed Combat
    36 | D        | Reached skill level 5 in Shapeshifting
    36 | D        | Gained mutation: You sometimes gain a little power by
                  | taking damage. [demonic ancestry]
    36 | D        | Reached XP level 5. HP: 26/44 MP: 5/5
   126 | D        | Found a snail-covered altar of Cheibriados.
   126 | D        | Found a shadowy altar of Dithmenos.
   126 | D        | Found a blossoming altar of Fedhas.
   126 | D        | Found an opulent altar of Gozag.
   127 | D        | Found a hazy altar of Hepliaklqana.
   128 | D        | Found a viscous altar of Jiyva.
   129 | D        | Found an ancient bone altar of Kikubaaqudgha.
   130 | D        | Found a corrupted altar of Lugonu.
   131 | D        | Found a burning altar of Makhleb.
   132 | D        | Found a sparkling altar of Nemelex Xobeh.
   133 | D        | Found an iron altar of Okawaru.
   134 | D        | Found a stormy altar of Qazlal.
   135 | D        | Found a sacrificial altar of Ru.
   136 | D        | Found a shimmering blue altar of Sif Muna.
   137 | D        | Found a bloodstained altar of Trog.
   138 | D        | Found a hide-covered altar of Uskayaw.
   139 | D        | Found a radiant altar of Vehumet.
   140 | D        | Found an ornate altar of the Wu Jian Council.
   143 | D        | Became a worshipper of Makhleb the Destroyer
   146 | D        | Found a shimmering altar of Xom.
   147 | D        | Found a basalt altar of Yredelemnul.
   176 | D        | Noticed a yak
   176 | D        | Noticed a wraith
   176 | D        | Noticed a vampire mosquito
   176 | D        | Noticed a hornet
   186 | D        | Killed a hornet
   187 | D        | Reached skill level 5 in Dodging
   187 | D        | Reached skill level 7 in Unarmed Combat
   187 | D        | Gained mutation: When seriously injured, your blood forms
                  | thick armour. (AC +9) [demonic ancestry]
   187 | D        | Reached XP level 6. HP: 48/52 MP: 5/8
   190 | D        | Killed a vampire mosquito
   191 | D        | Reached skill level 8 in Unarmed Combat
   196 | D        | Killed a wraith
   196 | D        | Reached * piety under Makhleb
   197 | D        | Reached skill level 5 in Invocations
   197 | D        | Gained mutation: Your touch may inflict irresistible damage
                  | on your foes. [demonic ancestry]
   197 | D        | Reached XP level 7. HP: 40/59 MP: 5/11
   201 | D        | Killed a yak
   202 | D        | Reached skill level 9 in Unarmed Combat
   206 | D        | Reached ** piety under Makhleb
   256 | D        | Noticed a wraith
   256 | D        | Noticed a vampire mosquito
   256 | D        | Noticed a centaur warrior
   256 | D        | Noticed a centaur warrior
   256 | D        | Noticed a skeletal warrior
   256 | D        | Noticed a slime creature
   260 | D        | Killed a centaur warrior
   261 | D        | Killed a skeletal warrior
   262 | D        | Killed a slime creature
   263 | D        | Gained mutation: You sometimes gain power by taking damage.
                  | [demonic ancestry]
   263 | D        | Reached XP level 8. HP: 40/67 MP: 11/13
   270 | D        | Killed a centaur warrior
   271 | D        | Reached skill level 10 in Unarmed Combat
   273 | D        | Reached *** piety under Makhleb
   278 | D        | Reached XP level 9. HP: 46/75 MP: 12/15
   472 | D        | Noticed a polar bear
   472 | D        | Noticed a rime drake
   472 | D        | Noticed a black mamba
   476 | D        | Noticed a boulder beetle
   478 | D        | Killed a black mamba
   479 | D        | Reached skill level 11 in Unarmed Combat
   481 | D        | Noticed a cane toad
   483 | D        | Reached **** piety under Makhleb
   486 | D        | Noticed an eight-headed hydra
   489 | D        | Killed a rime drake
   493 | D        | Killed a polar bear
   494 | D        | Reached skill level 10 in Invocations
   498 | D        | HP: 3/77 [eight-headed hydra (7)]
   498 | D        | Slain by an eight-headed hydra

Illustrated notes

Levels and vault maps discovered:
D:        linesprint [early_d, line_temple, items_1, d_10, items_2, lair_1,
          lair_end, items_3, orc_1, orc_end, items_4, d_15, swamp_1, shoals_1,
          snake_1, spider_1, d_20, vaults_1, items_5, swamp_end, shoals_end,
          snake_end, spider_end, vaults_end, d_27, items_6, zot_1, zot_end,
          crypt_end, forest_end, elf_end, slime_end, tomb_end, abyss_end,
          pan_hell_end]

Skill      XL: |  1  2  3  4  5  6  7  8  9 |
---------------+----------------------------+-----
Dodging        | 3 4 5 6 7 8 |  8.8
Unarmed Combat | 3 4 6 7 8 9 10 11 | 11.9
Shapeshifting  | 3 4 5 6 7 8 9 |  9.3
Fighting       | 3 5 6 7 8 9 |  9.5
Invocations    | 3 5 6 8 10 | 10.0

Action                     |  1- 3 |  4- 6 |  7- 9 || total
---------------------------+-------+-------+-------++-------
  Melee: Unarmed           |    19 |    23 |    50 ||    92
         Punch             |     1 |       |     4 ||     5
         Touch             |       |     4 |    14 ||    18
 Invoke: Lesser Servant of |       |       |     1 ||     1
  Evoke: Wand              |       |       |     1 ||     1
    Use: Potion            |     1 |     2 |       ||     3
   Stab: Invisible         |       |     2 |       ||     2
 Armour: Animal skin       |     4 |     7 |    28 ||    39
  Dodge: Dodged            |     7 |    16 |    37 ||    60

Table legend: (Time is in decaauts)
 A = Elapsed time spent in this place.
 B = Non-inter-level travel time spent in this place.
 C = Inter-level travel time spent in this place.
 D = Time resting spent in this place.
 E = Time spent auto-exploring this place.
 F = Levels seen in this place.
 G = Mean time per level.
                   A        B        C        D        E       F      G
               +--------+--------+--------+--------+--------+-----+--------+
         Total |    475 |    475 |      0 |    202 |      0 |   1 |  475.0 |
       Dungeon |    475 |    475 |      0 |    202 |      0 |   1 |  475.0 |
               +--------+--------+--------+--------+--------+-----+--------+

Top non-repeatable levels by time:
       D: 475 daAuts
